 Dungeon Crawl Stone Soup version 0.19-a0-627-g7ac35de (webtiles) character file.

436 Herrn the Ruffian (level 6, -6/59 HPs)
             Began as a Troll Earth Elementalist on June 13, 2016.
             Mangled by Menkaure (20 damage)
             ... on level 4 of the Dungeon.
             The game lasted 00:05:50 (2624 turns).

Herrn the Ruffian (Troll Earth Elementalist)        Turns: 2624, Time: 00:05:50

Health: -6/59      AC:  6    Str: 19    XL:     6   Next: 68%
Magic:  6/6        EV: 10    Int: 11    God:
Gold:   220        SH:  0    Dex: 10    Spells: 1 memorised, 6 levels left

rFire  . . .     SeeInvis .       - Unarmed
rCold  . . .     Gourm    +     c - +0 robe
rNeg   . . .     Faith    .     (no shield)
rPois  .         Spirit   .     (helmet restricted)
rElec  .         Dismiss  .     x - +0 cloak
rCorr  .         Reflect  .     (gloves unavailable)
SustAt +         Harm     .     (boots unavailable)
MR     .....                    s - amulet of magic regeneration
Stlth  +.........               u - ring of sustain attributes
                                f - ring of flight

@: not resistant to hostile enchantments, very unstealthy
A: unfitting armour, claws 3, fast metabolism 3, gourmand, regeneration 2,
shaggy fur 1, tough skin 2
a: Evoke Flight


You were on level 4 of the Dungeon.
You were completely stuffed.

You visited 1 branch of the dungeon, and saw 4 of its levels.

You collected 220 gold pieces.

Inventory:

Missiles
 b - 115 stones (quivered)
Armour
 c - a +0 robe (worn)
 x - a +0 cloak (worn)
Jewellery
 f - a ring of flight (left claw)
 s - an amulet of magic regeneration (around neck)
 u - a ring of sustain attributes (right claw)
 y - an uncursed ring of poison resistance {unknown}
Wands
 z - a wand of acid (3/15)
 A - a wand of flame (24/48)
Scrolls
 a - 2 scrolls of recharging {unknown}
 g - 2 scrolls of remove curse {unknown}
 h - 6 scrolls of identify {unknown}
 k - a scroll of random uselessness {unknown}
 q - 3 scrolls of enchant weapon {unknown}
 t - a scroll of teleportation {unknown}
Potions
 i - 3 potions of agility {unknown}
 j - 2 potions of curing {unknown}
 n - a potion of cure mutation {unknown}
 o - a potion of might {unknown}
 p - 2 potions of degeneration {unknown}
 v - a potion of flight {unknown}
 w - a potion of magic {unknown}
Books
 e - a book of Geomancy

   Spells                             Type                      Level
   a - Sandblast                      Earth                        1
   b - Passwall                       Transmutation/Earth          2
   c - Stone Arrow                    Conjuration/Earth            3
   d - Petrify                        Transmutation/Earth          4
   e - Lee's Rapid Deconstruction     Earth                        5
Comestibles
 d - 4 bread rations
 l - 3 chunks of flesh
 m - 3 fruits
 r - a slice of pizza


   Skills:
 * Level 2.8 Fighting
 + Level 3.1 Dodging
 - Level 1.3 Stealth
 * Level 3.8 Unarmed Combat
 - Level 1.2 Spellcasting
   Level 0.6 Transmutations
 * Level 3.3 Earth Magic


You had 6 spell levels left.
You knew the following spells:

 Your Spells              Type           Power        Failure   Level  Hunger
a - Sandblast             Erth           #.....       10%         1    ##.....


Dungeon Overview and Level Annotations

Branches:
Dungeon (4/15)
 Temple: D:4-7

Altars:
Hepliaklqana
Ru

Annotations:
D:4 Menkaure


Innate Abilities, Weirdness & Mutations

You are too large for most types of armour.
You have claws for hands.
Your metabolism is lightning-fast.
You like to eat raw meat.
You heal very quickly.
You are covered in fur. (AC +1)
You have very tough skin. (AC +2)


Message History

You are too injured to fight recklessly!
You are too injured to fight recklessly!
You are too injured to fight recklessly!
You are too injured to fight recklessly!
You are too injured to fight recklessly!
You are too injured to fight recklessly!
You barely miss Menkaure.
Menkaure is moderately damaged.
Menkaure barely misses you.
You scratch Menkaure.
Menkaure is heavily damaged.
Menkaure barely misses you.
You barely miss Menkaure.
Menkaure is heavily damaged.
Menkaure hits you.
* * * LOW HITPOINT WARNING * * *
You scratch Menkaure.
Menkaure is severely damaged.
Menkaure hits you!!
You die...

#.#.##.# .#=#... ###
#......# # ...... ..#
###.##.# #. #.#.M. #.#
#.##.# #.. ....# ##.#
######.##.### .. ...#.##.#
#............
#.##.#..#.##.#
#.##.###..###
#.........##.# #.##.# #..#
#..####@# #.##.# #..#
#....[M)####.##.###..#
.......####.##...........#
#.#.#### #.........###.##
.......................#
### #######......########
########


You could see Menkaure.

Vanquished Creatures
  A howler monkey (D:3)
  A crimson imp (D:3)
  A jelly (D:4)
  A hound (D:4)
  Crazy Yiuf (D:3)
  2 orc priests
  2 orc wizards
  5 adders
  2 worms
  4 dart slugs
  2 giant geckos
  16 orcs
  12 bats
  6 giant cockroaches
  8 goblins
  9 hobgoblins
  5 jackals (D:1)
  5 giant newts
  7 kobolds
  7 rats
97 creatures vanquished.

Notes
Turn   | Place    | Note
--------------------------------------------------------------
     0 | D:1      | Herrn the Troll Earth Elementalist began the quest for the Orb.
     0 | D:1      | Reached XP level 1. HP: 16/16 MP: 1/1
    91 | D:1      | Reached XP level 2. HP: 15/26 MP: 2/2
   108 | D:1      | Reached skill level 1 in Unarmed Combat
   228 | D:1      | Reached skill level 1 in Fighting
   314 | D:1      | Reached XP level 3. HP: 33/33 MP: 3/3
  1016 | D:2      | Reached XP level 4. HP: 17/41 MP: 4/4
  1476 | D:3      | Found a sacrificial altar of Ru.
  1487 | D:3      | Reached XP level 5. HP: 49/49 MP: 5/5
  1502 | D:3      | Found a hazy altar of Hepliaklqana.
  1867 | D:3      | Reached XP level 6. HP: 16/59 MP: 6/6
  2128 | D:3      | Noticed Crazy Yiuf
  2136 | D:3      | Killed Crazy Yiuf
  2440 | D:4      | Noticed Menkaure
  2624 | D:4      | Mangled by Menkaure

Vault maps used:
D:1:      sevenhm_arrival_forest_fort_small_6
D:2:      guppyfry_early_orc_mine
D:3:      nicolae_overflow_hidden_temple, nicolae_ru_great_annihilating_truth,
          supply_closet_lemuel, uniq_crazy_yiuf_cottage
D:4:      overflow_temple_1_default, first_bread, uniq_menkaure

Skill      XL: |  1  2  3  4  5  6 |
---------------+-------------------+-----
Unarmed Combat | 1 2 3 |  3.8
Fighting       | 1 2 |  2.8
Dodging        | 2 3 |  3.1
Earth Magic    | 3 |  3.3
Stealth        | |  1.3
Spellcasting   | |  1.2
Transmutations | |  0.6

Action                   |  1- 3 |  4- 6 || total
-------------------------+-------+-------++-------
Melee: Unarmed           |   114 |   196 ||   310
       Punch             |       |     4 ||     4
 Stab: Sleeping          |       |     5 ||     5
       Paralysed         |       |     2 ||     2
  Eat: Chunk             |    15 |    15 ||    30
Armor: Robe              |    78 |    52 ||   130
Dodge: Dodged            |    95 |    97 ||   192
